 Dungeon Crawl Stone Soup version 0.27-a0-237-g52650a7530 (webtiles) character file.

Game seed: 6679838654287941452

5492 Astera the Carver (level 10, 0/88 HPs)
             Began as a Palentonga Fighter on Jan 31, 2021.
             Was a High Priest of Fedhas.
             Slain by a manticore (7 damage)
             ... on level 8 of the Dungeon on Feb 2, 2021.
             The game lasted 00:55:58 (11728 turns).

Astera the Carver (Palentonga Fighter)             Turns: 11728, Time: 00:55:58

Health: 0/88       AC: 17    Str: 22    XL:     10   Next: 42%
Magic:  22/22      EV:  6    Int:  9    God:    Fedhas [*****.]
Gold:   1691       SH: 21    Dex: 10    Spells: 9/9 levels left

rFire    . . .     SeeInvis +   a - +0 long sword
rCold    . . .     Faith    .   K - +0 tower shield (curse)
rNeg     . . .     Spirit   .   b - +0 scale mail
rPois    .         Reflect  +   (no helmet)
rElec    .         Harm     .   H - +0 cloak
rCorr    .         Rampage  .   C - +0 pair of gloves
Will     .....                  (no barding)
Stlth    ..........             u - amulet of reflection
HPRegen  0.24/turn              z - ring of magical power
MPRegen  0.18/turn              (no ring)

@: mighty, barbed spikes, curled up
A: large, rugged brown scales 3, see invisible, deformed body, roll 1, armoured
tail, reflexive curl
a: Rolling Charge, Renounce Religion, Wall of Briars, Grow Ballistomycete,
Overgrow, Grow Oklob


You were on level 8 of the Dungeon.
You worshipped Fedhas.
Fedhas was extremely pleased with you.
You visited 1 branch of the dungeon, and saw 8 of its levels.
You also visited: Sewer and Bailey.

You collected 1929 gold pieces.
You spent 238 gold pieces at shops.

Inventory:

Hand Weapons
 a - a +0 long sword (weapon)
 M - a +0 trident
Missiles
 F - 2 boomerangs (quivered)
 L - 7 throwing nets
Armour
 b - a +0 scale mail (worn)
 c - a +0 kite shield
 C - a +0 pair of gloves (worn)
 H - a +0 cloak (worn)
 K - a cursed +0 tower shield (worn)
 N - a +4 chain mail
Jewellery
 m - an uncursed amulet of faith
 u - an amulet of reflection (around neck)
 z - a ring of magical power (left hand)
Wands
 p - a wand of polymorph (10)
 B - a wand of iceblast (8)
 E - a wand of mindburst (19)
Scrolls
 e - 2 scrolls of random uselessness {unknown}
 g - 3 scrolls of enchant weapon {unknown}
 h - a scroll of blinking {unknown}
 i - 7 scrolls of remove curse
 l - 2 scrolls of immolation {unknown}
 n - 5 scrolls of amnesia
 q - a scroll of fog {unknown}
 w - 2 scrolls of fear {unknown}
 y - 3 scrolls of teleportation
 D - a scroll of enchant armour {unknown}
 G - 2 scrolls of identify
 I - 2 scrolls of silence {unknown}
 J - a scroll of holy word {unknown}
 O - a scroll of summoning {unknown}
Potions
 d - 2 potions of might
 f - 2 potions of attraction
 j - 2 potions of ambrosia
 k - 7 potions of curing
 o - 4 potions of brilliance
 r - 4 potions of flight
 s - a potion of haste {unknown}
 t - 2 potions of degeneration {unknown}
 v - 2 potions of magic {unknown}
 x - a potion of cancellation {unknown}
 A - 3 potions of heal wounds


   Skills:
 + Level 5.8 Fighting
 + Level 8.4 Long Blades
 + Level 0.9 Throwing
 + Level 6.1 Armour
 + Level 3.2 Dodging
 + Level 7.6 Shields
 * Level 4.2 Invocations


You had 9 spell levels left.
You didn't know any spells.
Your spell library contained the following spells:

 Spells                   Type           Power        Failure   Level
 Summon Small Mammal      Summ           0%           99%         1
 Call Imp                 Summ           0%           100%        2
 Call Canine Familiar     Summ           0%           100%        3
 Summon Guardian Golem    Hex/Summ       0%           100%        3
 Summon Ice Beast         Ice/Summ       0%           100%        4
 Summon Lightning Spire   Summ/Air       0%           100%        4


Dungeon Overview and Level Annotations

Branches:
Dungeon (8/15)             Temple (0/1) D:4           Sewer (visited)
 Bailey (visited)
   Lair: D:8-11

Altars:
Fedhas
Beogh

Shops:
D:8 !

Annotations:
D:8 3 runed translucent doors, alpinistek's ghost, novice GrEE


Innate Abilities, Weirdness & Mutations

You are completely covered in rugged brown scales. (AC +3, +7% HP)
You have supernaturally acute eyesight. (SInv)
Armour fits poorly on your strangely shaped body.
You can roll at nearby foes to attack.
You have a long armoured tail.
You curl defensively after being hit.


Message History

You block the manticore's attack.
The manticore bites you but does no damage.
The manticore claws you.
* * * LOW HITPOINT WARNING * * *
You block the manticore's attack.
You feel better. You block the manticore's attack. x2
The manticore claws you.
* * * LOW HITPOINT WARNING * * *
Okay, then.
Unknown command.
You slash the manticore!
The manticore is moderately wounded.
You block the manticore's attack. x2; The manticore claws you.
* * * LOW HITPOINT WARNING * * *
Your shield and scale mail prevent you from hitting the manticore.
The manticore is moderately wounded.
The manticore bites you but does no damage.
You block the manticore's attack. The manticore claws you!
You die...
Fedhas appreciates your contribution to the ecosystem.

##########...###... ##$
#.....#... ..( #......... ?⌠
#.#....... $$ ###....... #.
##....... #. #####........
#.# ♣ ♣♣H♣♣ ♣.♣.#........ #.#
P #♣.≈@♣# ♣♣..#........ #.#♣≈
#.≈≈≈.#♣♣...#..##.... #.#≈♣
#.≈≈≈.#♣..♣.#...#...#
#.#≈♣♣♣♣#.≈≈≈.#..♣♣.#..##....
#.#≈♣♣≈♣#.≈≈≈.#.♣♣♣.#...##.<.
#.#≈P≈≈≈♣♣≈≈≈♣♣♣♣♣♣.#....#...
#...≈.≈...≈≈≈................
#.#♣♣♣≈♣♣♣≈≈≈♣♣♣♣♣♣.#.......#
#.# P≈♣♣#.≈≈≈.# ♣♣..#......##


You could see a manticore.

Vanquished Creatures
  A two-headed ogre (D:6)
  A slime creature (D:8)
  A redback (D:8)
  Duvessa (D:4)
  A black bear (D:7)
  An orc warrior (D:6)
  2 ice beasts
  2 sky beasts
  A phantom (D:6)
  An ogre (D:5)
  3 centaurs
  2 big kobolds
  5 bullfrogs
  A wyvern zombie (D:8)
  Dowan (D:4)
  8 gnoll sergeants (Bailey)
  A water moccasin skeleton (D:4)
  4 scorpions
  A killer bee (D:8)
  4 wights
  3 howler monkeys
  An electric eel (D:8)
  A centaur zombie (D:7)
  A bullfrog zombie (D:7)
  An orc priest (D:3)
  2 centaur skeletons (D:8)
  7 gnoll shamans
  7 hounds
  4 iguanas
  7 orc wizards
  10 worker ants
  A killer bee zombie (D:6)
  2 hound zombies
  A hound skeleton (D:5)
  18 gnolls
  A howler monkey skeleton (D:5)
  14 adders
  2 shadow imps
  3 white imps
  2 oozes (Sewer)
  4 adder skeletons
  2 worms
  2 dart slugs
  2 leopard geckos
  27 orcs
  5 ball pythons
  11 giant cockroaches
  13 goblins
  7 hobgoblins
  6 jackals
  2 quokkas
  12 bats
  6 frilled lizards
  A jackal skeleton (D:7)
  25 kobolds
  A leopard gecko skeleton (D:4)
  A quokka zombie (D:6)
  11 rats
268 creatures vanquished.

Vanquished Creatures (collateral kills)
  An orc warrior (D:6)
  9 ballistomycete spores (Bailey)
10 creatures vanquished.

Vanquished Creatures (others)
  An orc wizard (D:5)
  A ballistomycete spore (Bailey)
  A plant (D:8)
3 creatures vanquished.

Grand Total: 281 creatures vanquished

Notes
Turn   | Place    | Note
-------+----------+-------------------------------------------
     0 | D:1      | Astera the Palentonga Fighter began the quest for the Orb.
     0 | D:1      | Reached XP level 1. HP: 20/20 MP: 1/1
   282 | D:1      | Reached XP level 2. HP: 24/27 MP: 2/2
  1028 | D:2      | Reached XP level 3. HP: 23/33 MP: 3/3
  1527 | D:2      | Found a faded altar of an unknown god.
  1546 | D:2      | Became a worshipper of Fedhas Madash
  1546 | D:2      | Reached * piety under Fedhas
  1859 | D:3      | Reached skill level 3 in Long Blades
  1859 | D:3      | Reached XP level 4. HP: 26/40 MP: 4/4
  2343 | D:3      | Reached XP level 5. HP: 48/48 MP: 5/5
  2613 | D:3      | Reached ** piety under Fedhas
  2753 | D:3      | Found a blossoming altar of Fedhas.
  2933 | D:4      | Found a staircase to the Ecumenical Temple.
  3095 | D:4      | Reached XP level 6. HP: 55/55 MP: 6/6
  3119 | D:4      | Reached skill level 4 in Long Blades
  3263 | D:4      | Reached skill level 1 in Dodging
  3319 | D:4      | Found a glowing drain.
  3320 | D:4      | Noticed Duvessa
  3320 | D:4      | Noticed Dowan
  3354 | D:4      | Killed Duvessa
  3385 | D:4      | Killed Dowan
  3386 | D:4      | Gained mutation: You curl defensively after being hit.
                  | [Palentonga growth]
  3386 | D:4      | Reached XP level 7. HP: 37/63 MP: 7/7
  3399 | Sewer    | Entered a sewer
  3618 | Sewer    | Reached *** piety under Fedhas
  4399 | D:5      | Entered Level 5 of the Dungeon
  4637 | D:5      | Reached skill level 5 in Long Blades
  5349 | D:6      | Noticed a two-headed ogre
  5561 | D:6      | Killed a two-headed ogre
  5562 | D:6      | Reached skill level 6 in Long Blades
  5562 | D:6      | Reached skill level 5 in Shields
  5562 | D:6      | Reached XP level 8. HP: 17/71 MP: 8/8
  5827 | D:6      | Upgraded the game from 0.27-a0-215-g68775813e2 to
                  | 0.27-a0-237-g52650a7530
  6211 | D:6      | Reached skill level 5 in Armour
  6219 | D:6      | Reached **** piety under Fedhas
  6699 | D:7      | Reached XP level 9. HP: 76/78 MP: 9/9
  6702 | D:7      | Reached skill level 7 in Long Blades
  7686 | D:6      | Reached skill level 5 in Fighting
  8176 | D:7      | Reached skill level 1 in Invocations
  8787 | D:8      | Found Geokkari's Distillery.
  8987 | D:8      | Found a runed translucent gate.
  8987 | D:8      | Found a runed translucent gate.
  8999 | D:8      | Found a runed translucent gate.
  9000 | D:8      | Noticed alpinistek's ghost (novice GrEE)
  9001 | D:8      | Identified the +1 chain mail of Fashiqao {Str+2}
  9003 | D:8      | Found a roughly hewn altar of Beogh.
  9393 | D:8      | Found a flagged portal.
  9411 | Bailey   | Entered a bailey
  9709 | Bailey   | Reached ***** piety under Fedhas
  9934 | Bailey   | Reached skill level 8 in Long Blades
 10064 | Bailey   | Reached XP level 10. HP: 19/86 MP: 12/12
 11331 | D:8      | Bought a potion of ambrosia for 112 gold pieces
 11331 | D:8      | Bought a potion of heal wounds for 70 gold pieces
 11331 | D:8      | Bought a potion of might for 56 gold pieces
 11689 | D:8      | Noticed a manticore
 11728 | D:8      | Slain by a manticore

Illustrated notes

Levels and vault maps discovered:
D:1:      amcnicky_arrival_gap_in_the_tavern_cellar, layout_basic
D:2:      layout_loops_cross, chequers_ecumenical_altar_simple
D:3:      layout_rooms, fedhas_altar_2, minmay_tree_intersection
D:4:      layout_basic, temple_doors_e, gup_sewer_entry_glass, uniq_duvessa
D:5:      layout_basic, minmay_misc_feat_pillars
D:6:      layout_rooms
D:7:      layout_loops_cross, nrook_loot_triangle
D:8:      nzn_winding_woodlands_three_and_one
          [nzn_winding_woodlands_5x15_lazy_stream,
          nzn_winding_woodlands_5x15_river_crossing,
          nzn_winding_woodlands_5x15_pockets,
          nzn_winding_woodlands_center_pierced_h], layout_cave_pools,
          biasface_ghost_orc_armoury, enter_bailey_4, serial_shops, shop

Skill      XL: |  1  2  3  4  5  6  7  8  9 10 |
---------------+-------------------------------+-----
Long Blades    | 3 4 6 8 |  8.4
Shields        | 3 4 5 7 |  7.6
Armour         | 3 4 5 6 |  6.1
Dodging        | 1 2 3 |  3.2
Fighting       | 4 5 |  5.8
Invocations    | 3 4 |  4.2
Throwing       | |  0.9

Action                   |  1- 3 |  4- 6 |  7- 9 | 10-12 || total
-------------------------+-------+-------+-------+-------++-------
Melee: Long sword        |   114 |   184 |   681 |   212 ||  1191
       Tailslap          |    12 |    17 |    95 |    35 ||   159
Throw: Boomerang         |       |       |    12 |    12 ||    24
Invok: Grow Ballistomyce |       |       |     2 |       ||     2
       Wall of Briars    |       |       |     1 |       ||     1
 Abil: Rolling Charge    |    19 |    15 |    21 |     1 ||    56
  Use: Scroll            |     1 |       |     6 |       ||     7
       Potion            |       |       |     5 |     3 ||     8
Armor: Scale mail        |    61 |    75 |   245 |    57 ||   438
Dodge: Dodged            |    36 |    26 |   179 |    28 ||   269
Block: Kite shield       |    61 |   172 |   531 |       ||   764
       Reflection        |       |     3 |     9 |     3 ||    15
       Tower shield      |       |       |   182 |   238 ||   420
       Rpst.: Long sword |    10 |     5 |    41 |     5 ||    61

Table legend: (Time is in decaauts)
 A = Elapsed time spent in this place.
 B = Non-inter-level travel time spent in this place.
 C = Inter-level travel time spent in this place.
 D = Time resting spent in this place.
 E = Time spent auto-exploring this place.
 F = Levels seen in this place.
 G = Mean time per level.
                   A        B        C        D        E       F      G
               +--------+--------+--------+--------+--------+-----+--------+
         Total |  12131 |  11725 |    406 |   3893 |   4051 |  10 | 1213.1 |
       Dungeon |   9874 |   9468 |    406 |   2948 |   3537 |   8 | 1234.2 |
         Sewer |    566 |    566 |      0 |    112 |    287 |   1 |  566.0 |
        Bailey |   1690 |   1690 |      0 |    833 |    227 |   1 | 1690.0 |
               +--------+--------+--------+--------+--------+-----+--------+

Top non-repeatable levels by time:
     D:6: 1943 daAuts
     D:7: 1732 daAuts
  Bailey: 1690 daAuts
     D:4: 1339 daAuts
     D:2: 1226 daAuts
     D:1: 1021 daAuts
     D:5: 1005 daAuts
     D:8: 913 daAuts
     D:3: 692 daAuts
   Sewer: 566 daAuts
